AoeStats
← Fede_II

Arena

509962037Analyzed
1v1 RM · 2d ago on Sep 28, 2026· 45m 48s· 2 players
Game mode
Random Map
Map size
Tiny (2 player)
Population
200
Speed
Normal
Resources
Standard
Victory
Conquest
Starting age
Dark Age
Ending age
Imperial Age
RankedLock teamsTeams togetherTeam positionsShared explorationLock speedFull tech treeHidden civsTurbo modeCheats
Victory
Defeat
🇪🇸 Malians · Spain
1029
+15
🇨🇭 Danes · Switzerland
1014
-15
Fede_II
10:33 Feudal Age
15:00 Castle Age
13:41 Double-Bit Axe
14:08 Horse Collar
14:55 Loom
28:18 Forging
28:49 Scale Mail Armor
33:50 Imperial Age
32:08 Masonry
31:55 Fletching
32:22 Chain Mail Armor
32:50 Ballistics
32:40 Padded Archer Armor
34:07 Capped Ram
36:40 Siege Ram
37:47 Bodkin Arrow
39:08 Heavy Scorpion
40:30 Town Watch
41:21 Wheelbarrow
40:22 Cranequins
42:49 Heavy Mounted Crossbowman
44:23 Bloodlines
44:14 Husbandry
45:37 Iron Casting
45:05 Bracer
albert_the_humble
10:26 Feudal Age
11:04 Loom
11:56 Loom
11:58 Double-Bit Axe
14:43 Castle Age
12:41 Horse Collar
15:26 Town Watch
20:53 Fletching
21:52 Gold Mining
28:12 Imperial Age
26:33 Bodkin Arrow
27:31 Bow Saw
28:44 Wheelbarrow
30:58 Hand Cart
38:20 Heavy Plow
38:54 Cavalier
39:34 Husbandry
39:58 Scale Barding Armor
40:04 Forging
40:06 Bloodlines
40:48 Conscription
41:24 Gold Shaft Mining
40:59 Farimba
41:32 Town Patrol
42:27 Block Printing
42:35 Redemption
43:10 Chain Barding Armor
43:20 Sanctity
46:17 Iron Casting
Connection lost

Rejoining the realm…

Still unreachable

The connection could not be restored.

Session expired

The server has moved on; the page needs a fresh start.